 Dungeon Crawl Stone Soup version 0.17-a0-1987-gaf5a542 (webtiles) character file.

47 Shim the Grasshopper (level 3, -1/24 HPs)
             Began as a High Elf Warper on Oct 6, 2015.
             Killed from afar by Sigmund (7 damage)
             ... with a magic dart
             ... on level 2 of the Dungeon.
             The game lasted 00:06:29 (1935 turns).

Shim the Grasshopper (High Elf Warper)              Turns: 1935, Time: 00:06:29

Health: -1/24      AC:  4    Str: 10    XL:     3   Next: 48%
Magic:  8/8        EV: 12    Int: 17    God:
Gold:   41         SH:  0    Dex: 15    Spells: 3 memorised, 2 levels left

rFire  . . .     SeeInvis .     a - +0 short sword
rCold  . . .     Clarity  .     b - +0 leather armour
rNeg   . . .     SustAt   .     (no shield)
rPois  .         Gourm    .     h - +0 helmet
rElec  .         Spirit   .     (no cloak)
rCorr  .         Warding  .     (no gloves)
rMut   .         Stasis   .     (no boots)
MR     .....                    (no amulet)
Stlth  +.........               (no ring)
                                (no ring)

@: not resistant to hostile enchantments, very unstealthy
A: no striking features
a: no special abilities


You were on level 2 of the Dungeon.
You were not hungry.

You visited 1 branch of the dungeon, and saw 2 of its levels.

You collected 41 gold pieces.

Inventory:

Hand Weapons
 a - a +0 short sword (weapon)
 i - a +0 whip
Missiles
 e - 5 tomahawks of dispersal
 l - a javelin (quivered)
Armour
 b - a +0 leather armour (worn)
 h - a +0 helmet (worn)
Jewellery
 p - a cursed -6 ring of slaying {unknown}
Scrolls
 d - a scroll of blinking
 g - a scroll of enchant weapon {unknown}
 k - a scroll of remove curse {unknown}
 m - a scroll of immolation {unknown}
 n - a scroll of noise {unknown}
 q - a scroll of fog {unknown}
Potions
 j - 2 potions of heal wounds {unknown}
Books
 c - a book of Spatial Translocations

   Spells                             Type                      Level
   a - Apportation                    Translocation                1
   b - Blink                          Translocation                2
   c - Shroud of Golubria             Charms/Translocation         2
   d - Portal Projectile              Translocation                3
   e - Teleport Other                 Translocation                3
   f - Passage of Golubria            Translocation                4
Comestibles
 f - a bread ration
 o - 3 fruits


   Skills:
 + Level 2.2 Fighting
 + Level 2.8 Short Blades
 + Level 1.0 Throwing
 + Level 1.3 Armour
 + Level 2.5 Dodging
 + Level 0.2 Stealth
 + Level 2.8 Spellcasting
 + Level 0.5 Charms
 + Level 3.7 Translocations


You had 2 spell levels left.
You knew the following spells:

 Your Spells              Type           Power        Failure   Level  Hunger
a - Apportation           Tloc           ###.......   8%          1    #......
b - Blink                 Tloc           N/A          10%         2    ##.....
c - Shroud of Golubria    Chrm/Tloc      #.........   17%         2    ##.....


Dungeon Overview and Level Annotations

Branches:
Dungeon (2/15)

Altars:
Vehumet

Annotations:
D:2 Sigmund


Message History

You bump into the rock wall.
You bump into the rock wall.
You feel less confused. Sigmund misses you.
Sigmund points at you and mumbles some strange words.
You resist with some effort.
Sigmund says, "Look into my eyes."
Sigmund whispers, "You'll know eternity soon."
Sigmund gestures wildly while chanting.
Sigmund flickers and vanishes!
Deactivating autopickup; reactivate with Ctrl-A.
Something tries to affect you, but you resist.
A magic dart appears from out of thin air!
The magic dart hits you!
A magic dart appears from out of thin air!
The magic dart hits you!
* * * LOW HITPOINT WARNING * * *
A magic dart appears from out of thin air!
The magic dart hits you!
You die...

##.######.........##
#....# #..#...#...#
####.###.###.###..#
#.......#...#...####
#.......)._........##
#......(#...#.......#
#......###.###......#
######..#...#.......#
#..@...........#
######.##.....##
#.####.### ###.# #.#
###...# #.#
####...### #.#
#########....### ##.#
#.........#### #..#
########### #.##


There were no monsters in sight!

Vanquished Creatures
  3 adders (D:2)
  A ball python (D:1)
  A hobgoblin (D:2)
  3 jackals (D:1)
  2 bats (D:1)
  2 giant cockroaches (D:2)
  2 giant newts
  A goblin (D:1)
  5 kobolds
  6 rats (D:1)
26 creatures vanquished.

Notes
Turn   | Place    | Note
--------------------------------------------------------------
     0 | D:1      | Shim the High Elf Warper began the quest for the Orb.
     0 | D:1      | Reached XP level 1. HP: 14/14 MP: 4/4
   451 | D:1      | Reached XP level 2. HP: 14/19 MP: 6/6
   633 | D:1      | Learned a level 2 spell: Blink
  1202 | D:1      | Learned a level 2 spell: Shroud of Golubria
  1400 | D:2      | Reached skill level 1 in Armour
  1566 | D:2      | Reached XP level 3. HP: 11/24 MP: 2/8
  1783 | D:2      | Found a radiant altar of Vehumet.
  1904 | D:2      | Noticed Sigmund
  1935 | D:2      | Killed from afar by Sigmund

Vault maps used:
D:1:      dpeg_arrival_simpleton_c
D:2:      vehumet_crystals, minmay_misc_feat_iff, kennysheep_generic_room_4,
          uniq_sigmund

Action                   || total
-------------------------++-------
Melee: Short sword       ||    66
       Whip              ||     8
Throw: Javelin           ||     7
 Cast: Shroud of Golubri ||     5
 Stab: Sleeping          ||     1
  Eat: Chunk             ||     2
       Bread ration      ||     1
